[Event "*** Titled Tuesday Blitz"]
[Site "Chess.com"]
[Date "2020.05.12"]
[Round "6"]
[White "DaggiGretarsson"]
[Black "slowdgehammer"]
[Result "1-0"]
[WhiteElo "2581"]
[BlackElo "2378"]
[TimeControl "180+1"]
[EndTime "11:06:50 PDT"]
[Termination "DaggiGretarsson won by resignation"]

1. d4 Nf6 2. c4 g6 3. Nc3 Bg7 4. e4 d6 5. f4 O-O 6. Nf3 c5 7. dxc5 Qa5 8. Bd3 Qxc5 9. Qe2 Bg4 10. Be3 Qa5 11. O-O Nc6 12. Rac1 Bxf3 13. Qxf3 Nd7 14.
Qf2 a6 15. Rfd1 Rac8 16. Bb1 Rfd8 17. Nd5 e6 18. Nb6 Nxb6 19. Bxb6 Qb4 20. Bxd8 Rxd8 21. Rd2 Rc8 22. Rcd1 Bf8 23. Qe2 Na5 24. b3 Nc6 25. h3 Qb6+ 26. Kh2 Qd8 27. e5 Qh4 28. g3 Qh6 29.
exd6 Rd8 30. d7 Be7 31. Be4 Qg7 32. Bxc6 bxc6 33. Qe5 Bf6 34. Qc7 h5 35. h4 Kh7 36.
Re2 Qf8 37. Qd6 Be7 38. Qxc6 Qg7 39. Qxa6 Bf6 40. c5 e5 41. f5 gxf5 42. c6 f4 43. Qd3+ Kh8 44. Qf3 Rg8 45. Qxh5+ Qh7 46. Qxh7+ Kxh7 47.
c7 fxg3+ 48. Kg2 Bd8 49. c8=Q 1-0

[Event "*** Titled Tuesday Blitz"]
[Site "Chess.com"]
[Date "2020.05.12"]
[Round "6"]
[White "Mikhail_Golubev"]
[Black "Harsha_Bharathakoti"]
[Result "1-0"]
[WhiteElo "2525"]
[BlackElo "2791"]
[TimeControl "180+1"]
[EndTime "11:06:52 PDT"]
[Termination "Mikhail_Golubev won by resignation"]

1. e4 c5 2. Nf3 Nc6 3. Nc3 d6 4.
d4 cxd4 5. Nxd4 Nf6 6. Bc4 e6 7. Be3 a6 8. Qe2 Be7 9. O-O-O Qc7 10. Bb3 Nxd4 11. Bxd4 b5 12. e5 dxe5 13. Bxe5 Qb7 14. Rd3 a5 15. Rg3 a4 16. Qxb5+ Qxb5 17. Nxb5 Ra5 18.
Bc4 O-O 19. Bd6 Bxd6 20. Nxd6 Bd7 21. Rd1 Rb8 22. Rc3 g5 23. a3 Rc5 24. Rdd3 Kg7 25.
Ba2 Re5 26. Re3 Rxe3 27. Rxe3 Bc6 28. f3 Bd5 29. Bxd5 Nxd5 30. Re5 Kf6 31. Re4 Nf4 32. Rxa4 Nxg2 33. Ne4+ Kg6 34. Ra5 h6 35. b4 Ne1 36.
Nd2 f5 37. Ra6 g4 38. Rxe6+ Kg5 39. Rxe1 h5 40. fxg4 fxg4 41. Re5+ Kh4 42. Ne4 Rf8 43.
Ng3 Kh3 44. Rxh5+ Kg2 45. b5 1-0

[Event "*** Titled Tuesday Blitz"]
[Site "Chess.com"]
[Date "2020.05.12"]
[Round "6"]
[White "1f3_2g41-0"]
[Black "uchenic"]
[Result "1/2-1/2"]
[WhiteElo "2302"]
[BlackElo "2458"]
[TimeControl "180+1"]
[EndTime "11:06:52 PDT"]
[Termination "Game drawn by repetition"]

1. e4 e6 2. d4 d5 3. Nc3 Bb4 4. exd5 exd5 5. Bd3 Ne7 6. Nf3 Bf5 7. O-O O-O 8. Bg5 f6 9. Bf4 c6 10. Re1 Bxd3 11. Qxd3 Ng6 12. Bg3 Na6 13. a3 Bd6 14. Re6 Bxg3 15. hxg3 Nc7 16. Re3 Qd7 17. Rae1 Rae8 18.
Na4 b6 19. c4 Qf7 20. c5 b5 21. Nc3 a5 22. b4 axb4 23. axb4 Rxe3 24. Rxe3 Re8 25.
Qe2 Rxe3 26. Qxe3 Nf8 27. Qf4 Qe7 28. Kh2 g5 29. Qf5 Qe6 30. g4 Ng6 31. Qxe6+ Nxe6 32. g3 Ne7 33. Nd1 Nc7 34. Ne3 Na6 35. Nc2 Kg7 36. Kg2 Kg6 37. Kf1 h5 38. gxh5+ Kxh5 39. Ke2 Nf5 40. Nh2 Ng7 41. Nf1 f5 42. Nfe3 f4 43. gxf4 gxf4 44. Ng2 Kg4 45. Nge1 Ne6 46. Nf3 Kf5 47. Ne5 Nb8 48. Kd3 Ng5 49. Ne1 Ne4 50.
f3 Nf2+ 51. Ke2 Nh3 52. N1d3 Ng5 53. Kf2 Ne6 54. Nf7 Nxd4 55. Nd6+ Kg5 56. Nf7+ Kf6 57. Nd6 Ne6 58. Kg2 Nd7 59. Kh3 Ne5 60. Ne8+ Kf5 61. Nd6+ Kf6 62. Ne8+ Kf5 63. Nd6+ Kf6 1/2-1/2

[Event "*** Titled Tuesday Blitz"]
[Site "Chess.com"]
[Date "2020.05.12"]
[Round "6"]
[White "Misticpikachu"]
[Black "HouseOfDurin"]
[Result "0-1"]
[WhiteElo "2338"]
[BlackElo "2031"]
[TimeControl "180+1"]
[EndTime "11:06:52 PDT"]
[Termination "HouseOfDurin won by checkmate"]

1. c4 c5 2. g3 Nc6 3. Bg2 g6 4. Nf3 Bg7 5. O-O e5 6. Nc3 Nge7 7. a3 O-O 8. Rb1 a5 9. d3 h6 10. Nd5 d6 11. b4 axb4 12. axb4 Nxd5 13. cxd5 Nxb4 14.
Nd2 Ra2 15. Nc4 b5 16. Ne3 f5 17. Bd2 f4 18. Bxb4 fxe3 19. Be1 exf2+ 20. Bxf2 Bg4 21. Qb3 Qa5 22. Qxb5 Qxb5 23. Rxb5 Bxe2 24. Re1 Bxd3 25. Rb6 Rfxf2 26. Bh3 Rxh2 27. Rb8+ Kh7 28. Ra8 Rxh3 29. Rxa2 Bc4 30. Ra3 e4 31. Kg2 Rh5 32. Rd1 Bxd5 33. g4 Rg5 34. Kh3 h5 35. gxh5 Rxh5+ 36. Kg3 Bd4 37. Ra7+ Kh6 38. Rf1 e3 39. Re1 Rg5+ 40.
Kh4 Rf5 41. Kg4 Rg5+ 42. Kh4 Rh5+ 43. Kg4 Be6+ 44. Kf3 Bf5 45. Kf4 Rh3 46. Rh1 Be5# 0-1

[Event "*** Titled Tuesday Blitz"]
[Site "Chess.com"]
[Date "2020.05.12"]
[Round "6"]
[White "peixe64"]
[Black "petincash"]
[Result "1/2-1/2"]
[WhiteElo "2172"]
[BlackElo "2362"]
[TimeControl "180+1"]
[EndTime "11:06:52 PDT"]
[Termination "Game drawn - insufficient material"]

1. d4 Nf6 2. c4 g6 3. Nc3 Bg7 4. e4 O-O 5. Nf3 d6 6. Be2 e5 7. d5 a5 8. O-O Na6 9. Bg5 h6 10. Bh4 Qe8 11. Nd2 Nd7 12. f3 Ndc5 13. b3 c6 14. Rb1 cxd5 15. cxd5 Bd7 16. a3 b5 17. b4 axb4 18. axb4 Na4 19. Nxa4 bxa4 20. Nc4 g5 21. Bf2 Bb5 22. Nxd6 Bxe2 23. Qxe2 Qd7 24. Nf5 Rfb8 25. b5 Nc7 26. b6 Ne8 27. Qb5 Qxb5 28.
Rxb5 Bf8 29. Ra1 a3 30. h4 Rb7 31. hxg5 hxg5 32. Be3 f6 33. Kh2 Kf7 34. Kg3 Nd6 35.
Nxd6+ Bxd6 36. Rb3 Ra4 37. Kg4 Kg6 38. Kg3 f5 39.
exf5+ Kxf5 40. Rc3 Ra5 41. Rd1 a2 42. Ra1 e4+ 43.
Kf2 exf3 44. Rc2 fxg2 45. Raxa2 Rxd5 46. Kxg2 Bf4 47. Bf2 Kg4 48. Ra4 Kf5 49. Ra7 Rdd7 50. Rxb7 Rxb7 51. Rc5+ Kg4 52. Bd4 Rxb6 53. Rxg5+ Bxg5 54.
Bxb6 1/2-1/2

[Event "*** Titled Tuesday Blitz"]
[Site "Chess.com"]
[Date "2020.05.12"]
[Round "6"]
[White "Reader777"]
[Black "S2PAc"]
[Result "0-1"]
[WhiteElo "2606"]
[BlackElo "2781"]
[TimeControl "180+1"]
[EndTime "11:06:54 PDT"]
[Termination "S2PAc won by checkmate"]

1. d4 Nf6 2. c4 e6 3. g3 c5 4. Nf3 cxd4 5. Nxd4 Bb4+ 6. Bd2 Qb6 7. Bg2 Bxd2+ 8. Qxd2 O-O 9. O-O Nc6 10.
Rd1 Rd8 11. Nc3 d6 12. b3 Ne5 13. h3 a6 14. Qe3 Qc7 15. Rac1 Bd7 16. Qd2 Rac8 17. f4 Ng6 18. e3 Be8 19. Qf2 Ne7 20.
e4 Qa5 21. Qe1 Nc6 22. Nxc6 Bxc6 23. Kh2 b5 24. cxb5 axb5 25. e5 dxe5 26. Rxd8+ Qxd8 27. Bxc6 Rxc6 28. fxe5 Nd7 29. Nxb5 Rxc1 30. Qxc1 Nxe5 31.
Qe3 f6 32. a4 Qd5 33. g4 h5 34. Kg3 hxg4 35. hxg4 Qd1 36. Qe4 Qxb3+ 37. Kg2 Qa2+ 38.
Kg3 Qb3+ 39. Kg2 Qd1 40. Qa8+ Kh7 41. Qe4+ g6 42. Kg3 Qg1+ 43. Kh3 Kg7 44. Qb7+ Kh6 45. Qe4 g5 46. a5 Ng6 47. a6 Nf4+ 48. Qxf4 gxf4 49.
a7 Qg3# 0-1

[Event "*** Titled Tuesday Blitz"]
[Site "Chess.com"]
[Date "2020.05.12"]
[Round "6"]
[White "Dinamo81"]
[Black "ural58"]
[Result "0-1"]
[WhiteElo "2609"]
[BlackElo "2483"]
[TimeControl "180+1"]
[EndTime "11:06:54 PDT"]
[Termination "ural58 won by resignation"]

1. d4 d5 2. Bf4 e6 3. e3 Bd6 4. Bg3 Qe7 5. Nc3 a6 6. e4 Bxg3 7. hxg3 dxe4 8. Nxe4 Nf6 9. Nxf6+ Qxf6 10. Nf3 Nc6 11.
Qd2 Bd7 12. O-O-O O-O-O 13. Qg5 Ne7 14. Qxf6 gxf6 15. Bd3 h5 16. Rh4 Ng6 17. Rh2 Bc6 18. c3 Bxf3 19. gxf3 f5 20. Rdh1 h4 21. gxh4 Nf4 22.
Kd2 Rh5 23. Rg1 Kd7 24. c4 Ke7 25. Ke3 Nxd3 26. Kxd3 c5 27. d5 exd5 28. Rg5 dxc4+ 29. Kxc4 Rxg5 30. hxg5 Rd2 31. Kc3 Re2 32. a4 b5 33.
a5 Kd6 34. Rh6+ Re6 35. Rh7 Ke7 36. Rh8 f4 37. Rc8 Re5 38. Rc6 Rxg5 39. Rxa6 Rg2 40. Rb6 Rxf2 41. Rxb5 Rxf3+ 42. Kc4 Rf1 43. Rxc5 f3 44.
Rf5 Ke6 45. Rf4 f5 46. Kb5 Ke5 47. Rc4 f2 48. Rc2 Ke4 49. a6 Ke3 50. a7 Ra1 51. Rc3+ Kf4 52. Rc4+ Kg3 53. Rc3+ Kg4 54. Rc1 Rxc1 55.
a8=Q f1=Q+ 56. Kb6 Qf2+ 0-1

[Event "*** Titled Tuesday Blitz"]
[Site "Chess.com"]
[Date "2020.05.12"]
[Round "6"]
[White "NikolaGry"]
[Black "noblerone"]
[Result "1-0"]
[WhiteElo "2630"]
[BlackElo "2417"]
[TimeControl "180+1"]
[EndTime "11:06:54 PDT"]
[Termination "NikolaGry won on time"]

1. b3 Nf6 2. Bb2 d5 3. Nf3 Bg4 4. e3 Nbd7 5. Be2 e6 6. c4 c6 7. h3 Bh5 8. Nc3 Bd6 9. O-O O-O 10. d4 Ne4 11. Nxe4 dxe4 12. Nd2 Bxe2 13. Qxe2 f5 14. Rad1 Qh4 15. d5 exd5 16. cxd5 Be5 17. dxc6 bxc6 18.
Qc4+ Kh8 19. Nf3 Qe7 20. Rxd7 Qxd7 21. Nxe5 Qd2 22. Bc3 Qd5 23. Bd4 Qxc4 24. Nxc4 Rfd8 25. b4 Kg8 26. Rc1 h6 27. Na5 Rd6 28. Nxc6 Kh7 29. a4 a6 30. Rc5 Rc8 31. b5 axb5 32. axb5 Rc7 33. Rxf5 Rb7 34. Rc5 Rdd7 35. g4 Rf7 36.
Ne5 Rfe7 37. Nc4 Rec7 38. b6 Rf7 39. Re5 Rf6 40. Nd2 Rd6 41. Nxe4 Rc6 42. Kg2 Rcxb6 43. Bxb6 Rxb6 44. h4 Rg6 45. g5 hxg5 46. hxg5 Ra6 47. Kg3 Kg6 48. Rd5 Kh5 49. f3 Ra1 50. Rd7 1-0

[Event "*** Titled Tuesday Blitz"]
[Site "Chess.com"]
[Date "2020.05.12"]
[Round "6"]
[White "KuzubovYuriy"]
[Black "OparinGrigoriy"]
[Result "1/2-1/2"]
[WhiteElo "2684"]
[BlackElo "2914"]
[TimeControl "180+1"]
[EndTime "11:06:55 PDT"]
[Termination "Game drawn by agreement"]

1. d4 Nf6 2. c4 e6 3. Nc3 Bb4 4. e3 O-O 5. Ne2 d5 6. a3 Bd6 7.
Ng3 b6 8. cxd5 exd5 9. Bd3 c5 10. dxc5 bxc5 11. O-O Nc6 12. Bd2 Ne5 13. Be2 Be6 14. f4 Nc6 15. Bf3 Rb8 16. Rb1 Ne7 17. e4 dxe4 18. Ncxe4 Nxe4 19. Bxe4 f5 20. Bf3 c4 21. Kh1 Ng6 22. Re1 Qd7 23. Nh5 Rf7 24. Bc3 Nxf4 25.
Nxf4 Bxf4 26. Qxd7 Bxd7 27. Bd5 Kf8 28. Bxc4 Re7 29.
Bb4 Rxb4 30. axb4 Bd2 31. Rxe7 Kxe7 32. b5 Ba5 33. Rd1 Bb6 34. b3 f4 35. Re1+ Kf6 36.
Rd1 Ke7 37. h3 g5 38. Re1+ Kf6 39. Rd1 Ke7 40. Rd5 h6 41. Kh2 Bc8 42. Re5+ Kf6 43.
Re8 Bf5 44. Rf8+ Kg6 45. g4 fxg3+ 46. Kxg3 h5 47. Rg8+ Kf6 48. Rf8+ Ke5 49. Re8+ Kf6 50. Rf8+ Ke5 51. h4 gxh4+ 52. Kxh4 Bg4 53. Re8+ Kd4 54. Kg3 Kc3 55. Kh4 1/2-1/2

[Event "*** Titled Tuesday Blitz"]
[Site "Chess.com"]
[Date "2020.05.12"]
[Round "6"]
[White "MITerryble"]
[Black "GjakanTati"]
[Result "0-1"]
[WhiteElo "2827"]
[BlackElo "2654"]
[TimeControl "180+1"]
[EndTime "11:06:55 PDT"]
[Termination "GjakanTati won by resignation"]

1. e4 e5 2. Nf3 Nc6 3. c3 Nf6 4. d4 exd4 5. e5 Nd5 6. Qb3 Nb6 7. cxd4 d5 8. Bb5 Be7 9. O-O O-O 10. Nc3 f6 11. Re1 Bg4 12. Bxc6 bxc6 13. exf6 Bxf6 14. Ne5 Bxe5 15. dxe5 Qh4 16. Be3 Nc4 17. Bc5 Rf5 18. Ne2 Re8 19. Nd4 Qxf2+ 20. Kh1 Rfxe5 21. Rxe5 Nxe5 22. Ne6 Qf7 23. Nd4 Nd7 24. Bxa7 c5 25. Qg3 cxd4 26.
Qxg4 c5 27. b4 Ne5 28. Qg5 Qxa7 29. Re1 Qf7 30. h3 Ng6 31. Rxe8+ Qxe8 32. Qxd5+ Qf7 33.
Qd8+ Nf8 34. bxc5 Qf1+ 35. Kh2 Qf4+ 36. Kh1 Qc1+ 37. Kh2 Qxc5 38. a4 Kf7 39. a5 Qe5+ 40. Kh1 Ne6 41. Qd7+ Kf6 42. a6 Qc7 43. Qd5 Qc1+ 44.
Kh2 Qf4+ 45. Kh1 Qf1+ 46. Kh2 Qxa6 47. h4 Ke7 48. Qe4 Qd6+ 49. Kg1 d3 50. Qb7+ Qd7 51. Qb4+ Kf7 52. Qd2 Qd4+ 53. Kh1 Qe4 54. h5 Qe2 55.
Qb4 Qxh5+ 56. Kg1 Qc5+ 0-1

[Event "*** Titled Tuesday Blitz"]
[Site "Chess.com"]
[Date "2020.05.12"]
[Round "6"]
[White "Korona_91"]
[Black "manitodeplomo"]
[Result "0-1"]
[WhiteElo "2453"]
[BlackElo "2611"]
[TimeControl "180+1"]
[EndTime "11:06:55 PDT"]
[Termination "manitodeplomo won by resignation"]

1. e4 c5 2. Nc3 Nc6 3. g3 g6 4. Bg2 Bg7 5. f4 Rb8 6. Nf3 b5 7. O-O b4 8. Ne2 d5 9. e5 Nh6 10. d3 O-O 11. h3 f6 12. exf6 exf6 13. Be3 Qe7 14. Bf2 Bd7 15. Qd2 Rfe8 16. Rae1 Qd6 17. g4 f5 18. g5 Nf7 19. d4 c4 20. Ne5 a5 21. Ng3 Be6 22. h4 Rbd8 23. h5 Nfxe5 24. fxe5 Qe7 25. hxg6 hxg6 26. Be3 Rf8 27. Bf4 Rc8 28.
c3 a4 29. Ne2 Rfd8 30. Rf3 a3 31. bxa3 b3 32. axb3 cxb3 33. Qb2 Na5 34. Nc1 Rb8 35. Bf1 Nc4 36. Bxc4 dxc4 37. Rd1 Bf8 38. Rh3 Qxa3 39. Qh2 Bg7 40. Rh7 b2 41. Rxg7+ Kxg7 42. Qh6+ Kf7 43. Qh7+ Ke8 44. Qxg6+ Bf7 45. Qc6+ Kf8 46. g6 bxc1=Q 47. Bh6+ Qxh6 48. g7+ Qxg7+ 49. Kf1 Qxc3 50. Qh1 Qe3 51. e6 Qxe6 52. d5 Rxd5 53. Re1 Re5 54. Rxe5 Qexe5 55. Qb7 Rxb7 0-1

[Event "*** Titled Tuesday Blitz"]
[Site "Chess.com"]
[Date "2020.05.12"]
[Round "6"]
[White "Kaua18"]
[Black "Grineva_Marianna"]
[Result "0-1"]
[WhiteElo "2308"]
[BlackElo "2130"]
[TimeControl "180+1"]
[EndTime "11:06:55 PDT"]
[Termination "Grineva_Marianna won on time"]

1. e4 d6 2. d4 Nf6 3. Nc3 g6 4.
Be3 a6 5. f3 b5 6. Qd2 Bb7 7. Nge2 Nbd7 8. h4 Nb6 9. Nc1 h5 10.
Be2 Qd7 11. a4 Nc4 12. Bxc4 bxc4 13. Qf2 Bh6 14. N1e2 Bxe3 15. Qxe3 Rb8 16. a5 Ba8 17. Na4 Rb4 18. b3 cxb3 19. cxb3 O-O 20. O-O Qb5 21.
Rfb1 Qxa5 22. Nec3 e5 23. d5 Rfb8 24. Ra3 c5 25.
Qd3 Rd4 26. Qc2 Qb4 27. Ra2 Kg7 28. Ne2 Nxe4 29. fxe4 Rxe4 30. g3 Bxd5 31. Nac3 Rxe2 32. Nxe2 Be4 33. Qd2 Bxb1 34. Qxb4 Rxb4 35. Rxa6 Bd3 36. Rxd6 Bxe2 37. Rd5 Rxb3 38. Rxc5 e4 39. Re5 Bf3 40. Kf2 Rb2+ 41. Ke3 Rg2 42. Kf4 Rf2 43. Ke3 Rf1 44.
Ra5 Rh1 45. Kf4 Re1 46. Re5 Bg4 47. Re7 e3 48. Re5 e2 49. Ke3 Rf1 50. Kd2 e1=Q+ 51.
Rxe1 Rxe1 52. Kxe1 Kf6 0-1

[Event "*** Titled Tuesday Blitz"]
[Site "Chess.com"]
[Date "2020.05.12"]
[Round "6"]
[White "j2806"]
[Black "Gromes7"]
[Result "0-1"]
[WhiteElo "1968"]
[BlackElo "2113"]
[TimeControl "180+1"]
[EndTime "11:06:55 PDT"]
[Termination "Gromes7 won by checkmate"]

1. e4 c5 2. Nf3 d6 3. d4 cxd4 4. Nxd4 Nf6 5. Nc3 Nc6 6. Be3 Ng4 7. Bc1 Qb6 8. Bb5 e5 9. Nd5 Qxd4 10. Qxd4 exd4 11.
Nc7+ Kd8 12. Nxa8 Be7 13. h3 Nf6 14. Bd3 Nb4 15. Bd2 Nxd3+ 16. cxd3 Bd7 17. Rc1 Bc6 18. Nb6 axb6 19. Ke2 Nd7 20. f4 f5 21. exf5 Re8 22. Kf2 Nc5 23. Rc2 Nxd3+ 24. Kg3 h5 25. h4 Bf6 26. b4 Re2 27. Rd1 Kd7 28. Rc4 Bb5 29. Rc2 Nxb4 30. Rb2 Ba4 31. Re1 Rxe1 32. Bxe1 Nd3 33.
Re2 Nxe1 34. Rxe1 d3 35. Kf3 d2 36. Rf1 d1=Q+ 37. Rxd1 Bxd1+ 38. Kf2 Bd4+ 39. Kg3 Bc2 40.
Kh2 Bxf5 41. Kg3 Be6 42. Kf3 Bxa2 43. Ke2 Bc4+ 44. Kf3 b5 45. Ke4 b4 46. Kxd4 Be6 47.
Kd3 b3 48. Kd2 Kc6 49. Kc3 Bf7 50. Kb2 Kd5 51. Kc3 Ke4 52. Kb2 Kxf4 53. Kc3 Kg3 54. Kb2 Kxg2 55. Kc3 Kg3 56. Kb2 Kxh4 57. Kc3 Kg3 58. Kb2 h4 59. Kc3 h3 60. Kb2 h2 61.
Ka3 h1=Q 62. Kb2 Qg2+ 63. Ka3 Qa2+ 64. Kb4 Qd2+ 65. Ka3 Qa5+ 66. Kb2 Qa2+ 67. Kc3 b2 68. Kc2 b1=Q+ 69. Kc3 Qab2# 0-1

[Event "*** Titled Tuesday Blitz"]
[Site "Chess.com"]
[Date "2020.05.12"]
[Round "6"]
[White "theblitzchamp"]
[Black "Munkhzul_Turmunkh"]
[Result "0-1"]
[WhiteElo "2651"]
[BlackElo "2491"]
[TimeControl "180+1"]
[EndTime "11:06:57 PDT"]
[Termination "Munkhzul_Turmunkh won by checkmate"]

1. d4 Nf6 2. Bf4 d5 3. e3 c5 4. Nd2 Nc6 5. c3 Qb6 6. Qb3 c4 7.
Qc2 Nh5 8. Ngf3 Nxf4 9. exf4 g6 10. Ne5 Bf5 11. Qc1 Bg7 12. Be2 O-O 13. O-O Nxe5 14.
fxe5 f6 15. f4 fxe5 16. fxe5 Bxe5 17. Kh1 Bg7 18. Nf3 Qd6 19. Qe3 Rae8 20. Ne5 Be4 21. Nxc4 Bxg2+ 22. Kxg2 dxc4 23. Bxc4+ Kh8 24. Qe6 Qc7 25.
Rae1 Qa5 26. Kh1 Qh5 27. Bd5 Bf6 28. Bxb7 Rb8 29. Bf3 Qh4 30. Re2 Bg5 31. Rg2 Rb6 32. Qe5+ Bf6 33. Qd5 Bg7 34. Rgf2 Rbf6 35. Kg2 Rf5 36.
Qe4 Rf4 37. Qe6 Qg5+ 38. Kh1 Qh4 39. Kg2 R4f5 40. Qe4 Qf6 41. Qg4 Rg5 42. h3 Rxg4+ 43.
Bxg4 Qc6+ 44. Kg3 Rxf2 45. Rxf2 Qd6+ 46. Kg2 h5 47. Bf3 Kh7 48. Be4 Kh6 49. Rf3 Bf6 50. Rg3 g5 51. Rf3 Qb6 52. b4 Qa6 53. Bd5 g4 54.
hxg4 hxg4 55. Re3 Kg5 56. Kg3 Qf1 57. Re4 Qg1# 0-1

[Event "*** Titled Tuesday Blitz"]
[Site "Chess.com"]
[Date "2020.05.12"]
[Round "6"]
[White "stanyga"]
[Black "PelinGorki"]
[Result "0-1"]
[WhiteElo "2634"]
[BlackElo "2484"]
[TimeControl "180+1"]
[EndTime "11:06:57 PDT"]
[Termination "PelinGorki won by resignation"]

1. e4 d6 2. d4 Nf6 3. Nc3 c6 4. Nf3 Bg4 5. h3 Bh5 6. Be2 e6 7.
O-O Be7 8. Bf4 O-O 9. Bh2 d5 10. e5 Nfd7 11. Re1 c5 12. dxc5 Bxc5 13. Na4 Bxf3 14. Bxf3 Bxf2+ 15. Kxf2 Qh4+ 16. Kg1 Qxa4 17. Kh1 Nc6 18. Qd2 Rac8 19. c3 Kh8 20. Bd1 Qh4 21. Bc2 Qh5 22. Bf4 Ndxe5 23. Bd1 Qf5 24. Bc2 Nc4 25.
Qc1 Qh5 26. b3 Nb6 27. Kh2 e5 28. g4 Qh4 29. Bg3 Qe7 30. Qe3 f6 31. Rad1 Qf7 32. Qd3 e4 33. Qe3 Ne5 34. c4 Nf3+ 35. Kg2 Nxe1+ 36.
Rxe1 Rfe8 37. c5 Nd7 38. b4 b6 39. Ba4 bxc5 40. bxc5 Nxc5 41. Bxe8 Qxe8 42. Rc1 Nd3 43. Rxc8 Qxc8 44. Qd4 Qc2+ 45. Kg1 Qc1+ 46. Kh2 Qb2+ 47. Kg1 Qxd4+ 0-1

[Event "*** Titled Tuesday Blitz"]
[Site "Chess.com"]
[Date "2020.05.12"]
[Round "6"]
[White "RianKapriaga"]
[Black "Alomaterapia"]
[Result "1/2-1/2"]
[WhiteElo "2232"]
[BlackElo "2462"]
[TimeControl "180+1"]
[EndTime "11:06:57 PDT"]
[Termination "Game drawn by repetition"]

1. d4 Nf6 2. Nf3 g6 3. c4 Bg7 4. Nc3 O-O 5. e4 d6 6. h3 c5 7. d5 e6 8. Bd3 exd5 9. exd5 Re8+ 10. Be3 Nbd7 11. O-O Ne5 12. Nxe5 Rxe5 13. Bf4 Re7 14.
Re1 a6 15. a4 Nh5 16. Bh2 Bd4 17. a5 Ng7 18. Ne4 Bf5 19. Qd2 Bxe4 20. Rxe4 Rxe4 21. Bxe4 Qf6 22. Rb1 Re8 23. Bd3 Nf5 24. Qc2 Nh4 25. Bg3 h6 26. Rf1 Kg7 27. Rb1 Qg5 28. Bxh4 Qxh4 29. Bf1 Re5 30. b4 Rf5 31. Kh1 Rxf2 32. Qd3 Qg3 33. Qxg3 Rf6 34. bxc5 Bxc5 35. Rxb7 Rxf1+ 36.
Kh2 Bg1+ 37. Kh1 Bf2+ 38. Kh2 Bg1+ 39. Kh1 Bf2+ 40. Kh2 Bg1+ 1/2-1/2

[Event "*** Titled Tuesday Blitz"]
[Site "Chess.com"]
[Date "2020.05.12"]
[Round "6"]
[White "Saloni1299"]
[Black "Zubrrr"]
[Result "0-1"]
[WhiteElo "2302"]
[BlackElo "2635"]
[TimeControl "180+1"]
[EndTime "11:06:57 PDT"]
[Termination "Zubrrr won by resignation"]

1. e4 c5 2. Nf3 d6 3. d4 cxd4 4. Nxd4 Nf6 5. Nc3 a6 6. Be3 e6 7.
f3 b5 8. Qd2 b4 9. Na4 Nbd7 10.
O-O-O Qa5 11. b3 Bb7 12. a3 d5 13. e5 Nxe5 14. Nxe6 fxe6 15. Bb6 Qxb6 16. Nxb6 Rd8 17. axb4 Bd6 18. Kb1 O-O 19. Bd3 Nxd3 20. Qxd3 Bxb4 21. Qd4 a5 22. Na4 Rc8 23. c3 Bd6 24. Qb6 Bc6 25.
Nc5 e5 26. Rhe1 Rfe8 27. Nb7 Bf8 28. Nxa5 Ba8 29. Kb2 d4 30. cxd4 Nd5 31. Qa6 Nb4 32. Qa7 Rc2+ 33. Kb1 e4 34. Nc4 Rxg2 35. Qa4 Bc6 36.
Qa7 Ra8 37. Qc5 Bxc5 38. dxc5 exf3 39. Ne5 f2 40. Rf1 Be4+ 41. Kb2 Rxh2 42. Kc3 Nc6 43.
Nxc6 Bxc6 44. Rd2 Rf8 45. Kc4 Rh4+ 46. Kc3 Rhf4 47. b4 Bb5 48. Rfxf2 Rxf2 49. Rd6 R8f3+ 50. Kd4 Rd3+ 51. Ke5 Re2+ 52. Kf4 Rxd6 53. cxd6 Kf7 0-1

[Event "*** Titled Tuesday Blitz"]
[Site "Chess.com"]
[Date "2020.05.12"]
[Round "6"]
[White "FelixJoseYnojosa"]
[Black "Firouzja2003"]
[Result "0-1"]
[WhiteElo "2626"]
[BlackElo "3150"]
[TimeControl "180+1"]
[EndTime "11:06:58 PDT"]
[Termination "Firouzja2003 won by checkmate"]

1. e4 c5 2. c3 d5 3. exd5 Qxd5 4. d4 Nf6 5. Nf3 e6 6. Be3 cxd4 7. cxd4 Bb4+ 8. Nc3 O-O 9. Bd3 Nc6 10. O-O Qd8 11.
Rc1 Ba5 12. Bb1 Ne7 13. Ne5 Bb6 14. Qf3 Nfd5 15. Qh3 Ng6 16. Bxg6 hxg6 17. Ne4 Bd7 18. Ng5 Nf6 19. Ng4 Nh5 20. Ne5 Rc8 21. Rxc8 Bxc8 22.
Rc1 Bd7 23. Qf3 Bc6 24. Nxc6 bxc6 25. Qxc6 Nf6 26. h4 Qb8 27. Qf3 Rd8 28. Bf4 Qa8 29.
Qxa8 Rxa8 30. Nf3 Nd5 31. Bd6 f6 32. Bc5 Bc7 33. g3 a5 34. a3 Rb8 35. Rc2 Rb3 36.
Kg2 Kf7 37. Re2 Rd3 38. Nd2 a4 39. Ne4 Rd1 40. Rc2 Rd3 41. Rc4 Rb3 42. Rxa4 Rxb2 43. Ra7 Kg8 44. a4 Ra2 45. Kf3 Kh7 46. Kg2 g5 47. hxg5 f5 48. Nd6 Ne3+ 49. Kf3 Ng4 50. d5 Bxd6 51. Bd4 e5 52. g6+ Kxg6 53. Ra6 exd4 54.
Rxd6+ Kg5 55. Ra6 Rxf2# 0-1

[Event "*** Titled Tuesday Blitz"]
[Site "Chess.com"]
[Date "2020.05.12"]
[Round "6"]
[White "enriquetejedor"]
[Black "vovachesss"]
[Result "1-0"]
[WhiteElo "2476"]
[BlackElo "2616"]
[TimeControl "180+1"]
[EndTime "11:06:59 PDT"]
[Termination "enriquetejedor won on time"]

1. e4 Nf6 2. e5 Nd5 3. d4 d6 4.
Nf3 dxe5 5. Nxe5 c6 6. Bd3 Nd7 7. Nxd7 Bxd7 8. O-O g6 9. c4 Nf6 10. Nc3 Bg7 11. h3 O-O 12. Be3 Qc7 13. Qb3 Rad8 14.
Rfd1 Bf5 15. Bxf5 gxf5 16. Ne2 e6 17. Bf4 Qe7 18. Rd3 Kh8 19. Rad1 Rg8 20. Be5 Nh5 21. Bh2 Qg5 22. Ng3 Nf4 23. R3d2 Rxd4 24. Rxd4 Bxd4 25. Qxb7 Rd8 26. Kf1 c5 27. b4 Nd3 28. Rxd3 Qc1+ 29. Ke2 Qc2+ 30. Rd2 Qxc4+ 31. Kd1 cxb4 32. Ne2 Kg8 33. Nxd4 Rc8 34. Ke1 Qc1+ 35. Ke2 Qc4+ 36. Kf3 Qc3+ 37. Ke2 Qc4+ 38. Rd3 Qxa2+ 39. Kf3 Qc4 40. Rd2 Qc3+ 41. Ke2 Qc4+ 42. Rd3 Qa2+ 43. Ke3 Qc4 44. Qf3 Kf8 45. Be5 b3 46. Nxb3 a5 47.
Bd6+ Ke8 48. Nxa5 1-0

[Event "*** Titled Tuesday Blitz"]
[Site "Chess.com"]
[Date "2020.05.12"]
[Round "6"]
[White "grandemestregringo"]
[Black "Evgeny81"]
[Result "0-1"]
[WhiteElo "2477"]
[BlackElo "2715"]
[TimeControl "180+1"]
[EndTime "11:07:00 PDT"]
[Termination "Evgeny81 won on time"]

1. d4 e6 2. c4 Nf6 3. Nf3 Bb4+ 4. Bd2 Qe7 5. g3 Bxd2+ 6. Nbxd2 d6 7. Bg2 O-O 8. O-O a5 9. Rc1 e5 10. e3 Nc6 11.
Qc2 h6 12. Rfd1 e4 13. Ne1 Bf5 14. Nf1 g5 15. f4 exf3 16. Qxf5 fxg2 17. Nxg2 Qe6 18.
Qf3 Qe7 19. Nd2 Rae8 20. Rf1 Ne4 21. Nxe4 Qxe4 22. Qh5 Kg7 23. h4 Qg6 24. Qxg6+ Kxg6 25. Kh2 f5 26. Rf2 Nb4 27. Ra1 Re4 28. a3 Nc6 29. Raf1 a4 30. h5+ Kxh5 31. Rxf5 Rxf5 32. Rxf5 Kg6 33. Rf8 Na5 34. Rg8+ Kf7 35. Rc8 c6 36. Ra8 Nxc4 37. Ra7 Re7 38. Rxa4 Nxb2 39. Rb4 Nd3 40. Rb3 Nf2 41. Kg1 Ne4 42. Ne1 Nxg3 43. Kf2 Ne4+ 44. Ke2 b5 45. Nd3 h5 46. d5 c5 47. Ne1 c4 48. Rb4 Ra7 49. Nc2 h4 50. Kf3 Nf6 51.
Rxb5 g4+ 52. Kf4 h3 53. Kg3 Re7 54. Rb1 Kg6 55. a4 Kg5 56. a5 Ne4+ 57. Kh2 Kh4 58. a6 g3+ 59. Kg1 Nd2 0-1

[Event "*** Titled Tuesday Blitz"]
[Site "Chess.com"]
[Date "2020.05.12"]
[Round "6"]
[White "Orest_Vovk"]
[Black "bascheyaro"]
[Result "0-1"]
[WhiteElo "2448"]
[BlackElo "2712"]
[TimeControl "180+1"]
[EndTime "11:07:00 PDT"]
[Termination "bascheyaro won on time"]

1. e4 e6 2. Be2 d5 3. d3 Nf6 4. Nd2 c5 5. f4 dxe4 6. Nxe4 Nxe4 7. dxe4 Qxd1+ 8. Bxd1 b6 9. c3 Bb7 10. Bc2 f5 11. Nf3 fxe4 12. Ng5 Bd6 13. Bxe4 Bxe4 14. Nxe4 Ke7 15. O-O Nc6 16. f5 exf5 17. Rxf5 Rhf8 18. Bg5+ Ke6 19. Rxf8 Rxf8 20. Nxd6 Kxd6 21. Rd1+ Kc7 22. g3 Rf7 23. Bf4+ Kc8 24. Rd6 Na5 25. b4 Nc4 26. Rd5 cxb4 27. cxb4 Kb7 28. a4 Kc6 29. Rd8 Nb2 30.
a5 Kb5 31. axb6 axb6 32. Bd2 Nc4 33. Bc3 Ne3 34. h4 Kc4 35. Bd2 Rf1+ 36. Kh2 Ng4+ 37. Kg2 Rf2+ 38. Kg1 Rf7 39. Rc8+ Kd3 40. Rd8+ Ke2 41.
Bf4 Ra7 42. Rd2+ Kf3 43. Rd3+ Ke4 44. Rd6 Ra1+ 45. Kg2 Ra2+ 46. Kg1 h5 47. Rxb6 Kf3 48. Rc6 Ra1+ 49. Rc1 Ra2 50. Rf1+ Nf2 51. Re1 Nh3+ 52. Kh1 Kg4 53. Rd1 Nf2+ 54. Kg1 Nxd1 0-1